[Event "Titled Tuesday Blitz January 17 Early 2023"]
[White "Aloma Vidal, Robert"]
[Black "Riehle, Marco"]
[WhiteFideId "2260409"]
[BlackFideId "12904392"]
[WhiteElo "2442"]
[BlackElo "2368"]
[Result "0-1"]
[Round "11"]
[TimeControl "180+2"]
[Date "2023.01.17"]
[WhiteClock "0:00:04"]
[BlackClock "0:01:32"]

1. e4 e5 2. Nf3 Nf6 3. Nxe5 Nxe4 4. Qe2 Qe7 5. Qxe4 d6 6. d4 dxe5 7. dxe5 Nc6 8. Bb5 Bd7 9. Nc3 O-O-O 10. O-O Nxe5 11. Bf4 Ng6 12. Qa4 a6 13. Bxd7+ Qxd7 14. Qxd7+ Rxd7 15. Be3 Bb4 16. Ne4 Rhd8 17. c3 Be7 18. Ng3 Ne5 19. h3 Ng6 20. Rfe1 Bf8 21. Bd4 Ne7 22. Re2 Nc6 23. Be3 g6 24. Rae1 f6 25. Ne4 Be7 26. g4 Rd1 27. Kg2 Rxe1 28. Rxe1 b6 29. Ng3 Kb7 30. h4 Ne5 31. f3 Nd3 32. Re2 Bd6 33. Ne4 Be5 34. a4 c5 35. h5 c4 36. Kf1 Kc6 37. Nd2 Nxb2 38. Ne4 Nxa4 39. Rc2 Rd3 40. Ke2 Nxc3+ 41. Nxc3 Rxc3 42. Ra2 a5 43. f4 Bd6 44. Rb2 Bc5 45. Bd2 Rh3 46. Rc2 b5 47. hxg6 hxg6 48. g5 fxg5 49. fxg5 a4 50. Kf1 a3 51. Kg2 Rd3 52. Bf4 Kd5 53. Re2 Bd6 54. Bc1 b4 0-1


[Site "https://www.chess.com"]

[Event "Titled Tuesday Blitz January 17 Early 2023"]
[White "Zemlyanskii, Ivan"]
[Black "Pfreundt, Jakob"]
[WhiteFideId "24249971"]
[BlackFideId "12918156"]
[WhiteElo "2300"]
[BlackElo "2407"]
[Result "0-1"]
[Round "11"]
[TimeControl "180+2"]
[Date "2023.01.17"]
[WhiteClock "0:00:05"]
[BlackClock "0:00:04"]

1. d4 d5 2. c4 e6 3. Nf3 c5 4. cxd5 exd5 5. Nc3 Nc6 6. g3 Nf6 7. Bg2 c4 8. O-O Be7 9. b3 cxb3 10. Qxb3 O-O 11. Bg5 Na5 12. Qc2 Be6 13. e3 Rc8 14. Bxf6 Bxf6 15. Qd3 Nc4 16. Rfc1 Qd7 17. Nd2 b5 18. Rab1 a6 19. Qe2 Rfe8 20. Nb3 b4 21. Nd1 Be7 22. Nb2 Na3 23. Ra1 Qb5 24. Qxb5 axb5 25. Nd3 Rc4 26. Nf4 Rd8 27. Bf1 g5 28. Nd3 Rdc8 29. Nbc5 Bf5 30. Rd1 Rc3 31. Nxb4 Bxc5 32. dxc5 R3xc5 33. Nxd5 Kg7 34. Ne7 R8c7 35. Nxf5+ Rxf5 36. Rd3 b4 37. Rb3 Rc2 38. Bd3 Rfxf2 39. Bxc2 Rxc2 40. Rxb4 Nc4 41. Rxc4 Rxc4 42. a4 Rc6 43. a5 Ra6 44. Kf2 Kf6 45. Kf3 Kf5 46. g4+ Ke5 47. Ke2 Kd5 48. Kd3 f6 49. Ra2 Kc5 50. Ke4 Kc4 51. Kf5 Kd3 52. e4 Kd4 53. Ra4+ Ke3 54. e5 fxe5 55. Kxe5 Kf3 56. Kf5 h6 57. Ke5 Kg2 58. Ra2+ Kh3 59. Ra4 Kxh2 60. Kd5 Kg3 61. Kc5 Kh4 62. Kb5 Ra8 63. a6 h5 64. gxh5+ Kxh5 0-1


[Site "https://www.chess.com"]

[Event "Titled Tuesday Blitz January 17 Early 2023"]
[White "Cherniaiev, Tykhon"]
[Black "Trent, Lawrence"]
[WhiteFideId "14182360"]
[BlackFideId "408638"]
[WhiteElo "2330"]
[BlackElo "2403"]
[Result "1/2-1/2"]
[Round "11"]
[TimeControl "180+2"]
[Date "2023.01.17"]
[WhiteClock "0:00:06"]
[BlackClock "0:00:05"]

1. Nf3 Nc6 2. d4 d5 3. c4 e5 4. cxd5 Qxd5 5. Nc3 Bb4 6. Bd2 Bxc3 7. Bxc3 e4 8. Ne5 Nge7 9. e3 Nxe5 10. dxe5 Qxd1+ 11. Rxd1 Be6 12. a3 O-O 13. Be2 Rfd8 14. O-O Kf8 15. f3 exf3 16. gxf3 Ke8 17. e4 c5 18. f4 Nc6 19. Bb5 Bb3 20. Rd6 Rxd6 21. exd6 Kd7 22. e5 Re8 23. Re1 f6 24. Bxc6+ Kxc6 25. Kf2 fxe5 26. Bxe5 g6 27. h4 b6 28. Re3 Bc2 29. Rc3 Bf5 30. Ke3 a5 31. Rc1 Kb5 32. Kf3 h5 33. Ke3 Bd7 34. Rg1 Bf5 35. Rd1 Kc6 36. Rc1 Rc8 37. b4 Kb5 38. bxc5 bxc5 39. Rc3 c4 40. Kd4 Be6 41. Rg3 Bf5 42. Rc3 Rc6 43. Kd5 Rc5+ 44. Kd4 Be6 45. Rc1 Rd5+ 46. Ke3 Rd3+ 47. Kf2 Rxa3 48. Rd1 Rd3 49. Rxd3 cxd3 50. Ke3 Kc4 51. Kd2 a4 52. Ba1 a3 53. Be5 Bd7 54. Bf6 Bf5 55. Be5 Kb3 56. Bf6 Ka2 57. Kc1 d2+ 58. Kxd2 Kb1 59. Ke3 a2 60. Bc3 a1=Q 61. Bxa1 Kxa1 62. Kd4 Kb2 63. Ke5 Kc3 64. Kf6 Kd4 65. d7 Bxd7 66. Kxg6 Bg4 67. f5 Ke5 68. f6 Be6 69. Kxh5 Kxf6 70. Kh6 Bf7 71. Kh7 Kf5 72. h5 Kg5 73. Kg7 Kxh5 1/2-1/2


[Site "https://www.chess.com"]

[Event "Titled Tuesday Blitz January 17 Early 2023"]
[White "Mammadzada, Gunay"]
[Black "Mikhailovsky, Vladimir"]
[WhiteFideId "13403729"]
[BlackFideId "34105414"]
[WhiteElo "2449"]
[BlackElo "2215"]
[Result "1-0"]
[Round "11"]
[TimeControl "180+2"]
[Date "2023.01.17"]
[WhiteClock "0:00:06"]
[BlackClock "0:00:01"]

1. e4 Nf6 2. e5 Nd5 3. c4 Nb6 4. d4 d6 5. exd6 exd6 6. Nc3 Be7 7. Bd3 O-O 8. Nge2 Bg4 9. Be3 Nc6 10. b3 Bf6 11. O-O Re8 12. Qd2 d5 13. c5 Nc8 14. Nf4 N8e7 15. h3 Bf5 16. Bxf5 Nxf5 17. Nfxd5 Bxd4 18. Bf4 Be5 19. Rad1 Nfd4 20. b4 a6 21. Rfe1 f6 22. Bxe5 fxe5 23. f4 e4 24. a4 Nf5 25. Nxe4 Qh4 26. Nxc7 Rad8 27. Nd6 Rxe1+ 28. Rxe1 h6 29. Nxf5 Rxd2 30. Nxh4 Nxb4 31. Nf5 Nd3 32. Re8+ Kf7 33. Nd6+ Kf6 34. Nd5+ Kg6 35. Re6+ Kh7 36. Nxb7 Rd1+ 37. Kh2 Nf2 38. c6 1-0


[Site "https://www.chess.com"]

[Event "Titled Tuesday Blitz January 17 Early 2023"]
[White "Rohith Krishna S"]
[Black "Fiorito, Joaquin"]
[WhiteFideId "46617051"]
[BlackFideId "180173"]
[WhiteElo "2385"]
[BlackElo "2405"]
[Result "1-0"]
[Round "11"]
[TimeControl "180+2"]
[Date "2023.01.17"]
[WhiteClock "0:00:14"]
[BlackClock "0:00:58"]

1. Nf3 d5 2. g3 Nf6 3. Bg2 Bf5 4. O-O e6 5. d3 h6 6. Nc3 c5 7. Qe1 Bh7 8. e4 Be7 9. a4 O-O 10. h4 Nc6 11. Bf4 Rc8 12. e5 Nd7 13. h5 Nd4 14. Qd2 a6 15. a5 b5 16. Nxd4 cxd4 17. Ne2 f6 18. Nxd4 fxe5 19. Nxe6 Qe8 20. Nxf8 Bxf8 21. Bxd5+ Kh8 22. Be3 Nf6 23. Bf3 Nxh5 24. c4 bxc4 25. dxc4 e4 26. Bg4 Rd8 27. Qc3 Nf6 28. Be2 Bf5 29. Rfd1 Rb8 30. c5 Bg4 31. Qc4 Qh5 32. Rd2 Bf3 33. Bxf3 exf3 34. Qh4 Qf5 35. Rad1 Be7 36. c6 Rc8 37. Rd7 Qc2 38. Qf4 Rxc6 39. Qxf3 Bf8 40. Rd8 Kg8 41. Qf4 Qxb2 42. Qb8 Qa3 43. R1d3 Qe7 44. Kg2 Rc2 45. Qb3+ Kh7 46. Qxc2 Qe4+ 47. f3 Qg6 48. Rxf8 Nh5 49. g4 Nf6 50. Rd2 1-0


[Site "https://www.chess.com"]

[Event "Titled Tuesday Blitz January 17 Early 2023"]
[White "Divya Deshmukh"]
[Black "Krysa, Leandro"]
[WhiteFideId "35006916"]
[BlackFideId "116807"]
[WhiteElo "2372"]
[BlackElo "2541"]
[Result "0-1"]
[Round "11"]
[TimeControl "180+2"]
[Date "2023.01.17"]
[WhiteClock "0:00:05"]
[BlackClock "0:00:15"]

1. d4 d5 2. c4 c6 3. Nc3 Nf6 4. Nf3 dxc4 5. a4 Bf5 6. Ne5 e6 7. Nxc4 c5 8. dxc5 Qxd1+ 9. Nxd1 Bxc5 10. f3 Nc6 11. e4 Bg6 12. Be3 Bxe3 13. Ndxe3 Ke7 14. O-O-O Nd7 15. Bd3 Nc5 16. Bc2 Rhd8 17. h4 h5 18. g4 Rxd1+ 19. Rxd1 hxg4 20. Nxg4 Rh8 21. Nge5 Nxe5 22. Nxe5 a5 23. Nc4 Ra8 24. Nb6 Ra6 25. Nc8+ Kf6 26. Nd6 Ke5 27. Ne8 Ra8 28. Nxg7 Rg8 29. h5 Rxg7 30. hxg6 Rxg6 31. f4+ Kxf4 32. Rf1+ Ke3 33. Rxf7 Rg1+ 34. Bd1 Nxe4 35. Rxb7 Nf2 36. Rd7 Rxd1+ 37. Rxd1 Nxd1 38. Kxd1 Kd4 39. b4 axb4 40. Kc2 Kc4 41. Kb2 e5 42. Kc2 e4 0-1


[Site "https://www.chess.com"]

[Event "Titled Tuesday Blitz January 17 Early 2023"]
[White "Janaszak, Dawid"]
[Black "Ashraf, Artin"]
[WhiteFideId "1119206"]
[BlackFideId "22514805"]
[WhiteElo "2316"]
[BlackElo "2314"]
[Result "0-1"]
[Round "11"]
[TimeControl "180+2"]
[Date "2023.01.17"]
[WhiteClock "0:00:08"]
[BlackClock "0:00:25"]

1. e4 c5 2. Nc3 Nc6 3. Bb5 Nd4 4. Nf3 g6 5. O-O Bg7 6. Re1 a6 7. Bf1 e6 8. Nxd4 cxd4 9. Ne2 d5 10. d3 Ne7 11. Bg5 dxe4 12. dxe4 h6 13. Bxe7 Kxe7 14. Qd2 Qb6 15. c3 dxc3 16. Nxc3 Rd8 17. Qc2 Bd7 18. e5 Bc6 19. g3 Rac8 20. Bg2 Kf8 21. Bxc6 Qxc6 22. Qe2 Kg8 23. Rad1 Qc5 24. Kg2 b5 25. Rd2 b4 26. Nb1 Rxd2 27. Nxd2 Qd5+ 28. Nf3 Qxa2 29. Rd1 a5 30. Rd7 Qa4 31. Qd2 Bf8 32. h4 Qc6 33. h5 g5 34. g4 Qe4 35. Kg3 Rc4 36. Rd4 Rxd4 37. Qxd4 Qxd4 38. Nxd4 a4 39. f4 Bc5 40. Nc2 b3 41. Ne1 a3 0-1


[Site "https://www.chess.com"]

[Event "Titled Tuesday Blitz January 17 Early 2023"]
[White "Costachi, Mihnea"]
[Black "Melian, Juan Sebastian"]
[WhiteFideId "1217518"]
[BlackFideId "3706575"]
[WhiteElo "2476"]
[BlackElo "2293"]
[Result "0-1"]
[Round "11"]
[TimeControl "180+2"]
[Date "2023.01.17"]
[WhiteClock "0:02:32"]
[BlackClock "0:01:30"]

1. Nc3 d5 2. d4 Nf6 3. Bf4 e6 4. e3 Bb4 5. Ne2 c5 6. a3 Bxc3+ 7. Nxc3 O-O 8. dxc5 Nbd7 9. Bd6 Re8 10. b4 Nf8 11. Nb5 Ne4 12. Nc7 Bd7 13. Nxa8 Qf6 14. f3 Qc3+ 15. Ke2 Bb5+ 16. Qd3 Qd2# 0-1


[Site "https://www.chess.com"]

[Event "Titled Tuesday Blitz January 17 Early 2023"]
[White "Wagh Suyog"]
[Black "Renjith, Sravan"]
[WhiteFideId "25071688"]
[BlackFideId "4306783"]
[WhiteElo "2313"]
[BlackElo "2172"]
[Result "1-0"]
[Round "11"]
[TimeControl "180+2"]
[Date "2023.01.17"]
[WhiteClock "0:01:33"]
[BlackClock "0:00:04"]

1. e4 e5 2. Nf3 Nf6 3. Nxe5 d6 4. Nc4 Nxe4 5. Qe2 Qe7 6. Ne3 Nf6 7. c4 Nc6 8. Qd1 Bf5 9. Be2 Bg6 10. d4 O-O-O 11. Nc3 Ne4 12. Ncd5 Qe8 13. O-O f5 14. b4 Bf7 15. b5 Ne7 16. Bd3 Nxd5 17. cxd5 g6 18. Re1 Bg7 19. Bb2 Qd7 20. a4 Rhe8 21. a5 f4 22. b6 Kb8 23. Nc2 cxb6 24. axb6 a6 25. Bxe4 Rxe4 26. Rxe4 Bxd5 27. Rxf4 Bh6 28. Rh4 Bg5 29. Rg4 Bf6 30. Nb4 Be6 31. Re4 d5 32. Re1 h5 33. Nd3 Qd6 34. Ba3 Qxb6 35. Bc5 Qc6 36. Nb4 Qd7 37. Nxa6+ bxa6 38. Qb3+ Kc8 39. Rxa6 Re8 40. Bd6 Qb7 41. Rc1+ Kd8 42. Qxb7 Bd7 43. Ra8+ Bc8 44. Rcxc8# 1-0


[Site "https://www.chess.com"]

[Event "Titled Tuesday Blitz January 17 Early 2023"]
[White "Hambleton, Aman"]
[Black "Berezin, Viktor"]
[WhiteFideId "2606577"]
[BlackFideId "14107872"]
[WhiteElo "2420"]
[BlackElo "2307"]
[Result "0-1"]
[Round "11"]
[TimeControl "180+2"]
[Date "2023.01.17"]
[WhiteClock "0:00:03"]
[BlackClock "0:00:18"]

1. d4 Nf6 2. Bf4 g6 3. e3 Bg7 4. Nf3 O-O 5. h3 d6 6. c3 b6 7. Bh2 Bb7 8. a4 a6 9. Be2 Nbd7 10. O-O Qe8 11. c4 e5 12. a5 Qe7 13. Nc3 e4 14. Nd2 bxa5 15. Rxa5 c5 16. Nb3 cxd4 17. Qxd4 Ne8 18. Nd5 Qd8 19. Qd2 Rb8 20. Nd4 Ne5 21. b4 Nc7 22. Nc3 Qf6 23. b5 axb5 24. Ncxb5 Na6 25. Rd1 Rbd8 26. Bf1 h5 27. Qa2 Nb4 28. Ra7 Nxa2 29. Rxa2 Nd3 30. Rad2 d5 31. cxd5 Bxd5 32. Nc3 Ba8 33. Nxe4 Bxe4 34. Bxd3 Bxd3 35. Rxd3 Rfe8 36. R3d2 Qa6 37. Bf4 Bxd4 38. exd4 Re2 39. Rd3 Rde8 40. Be3 Re1+ 41. Kh2 Rxd1 42. Rxd1 Qc4 43. d5 Rd8 44. d6 Rd7 45. Rd4 Qe6 46. Bf4 f6 47. h4 Kf7 48. Bg3 g5 49. Kg1 gxh4 50. Rxh4 Kg6 51. Kh2 Rxd6 52. Bxd6 Qxd6+ 53. g3 Qd2 54. Kg2 f5 55. Kg1 Kg5 56. Kg2 Qd5+ 57. Kg1 Qf3 58. Rd4 Qc6 59. Rh4 Qg6 60. Rf4 Kf6 61. Rh4 Ke5 62. Rf4 Qg5 63. Rh4 Qc1+ 64. Kg2 Qh6 65. Kg1 Kf6 66. Kg2 Kg5 67. Kg1 Qc6 68. Rf4 Qc1+ 69. Kg2 Qxf4 70. gxf4+ Kxf4 71. Kh3 Kf3 72. Kh4 Kxf2 73. Kg5 h4 74. Kxh4 f4 75. Kh3 f3 76. Kg4 Ke2 77. Kg3 f2 78. Kh2 f1=Q 79. Kg3 Qf8 80. Kg4 Ke3 81. Kg5 Qf4+ 82. Kg6 Ke4 83. Kg7 Ke5 84. Kg6 Qf5+ 85. Kg7 Ke6 86. Kh6 Qg4 87. Kh7 Kf7 88. Kh6 Qg6# 0-1


[Site "https://www.chess.com"]

[Event "Titled Tuesday Blitz January 17 Early 2023"]
[White "Tan, Zhongyi"]
[Black "Kuznetsov, Mikhail"]
[WhiteFideId "8603642"]
[BlackFideId "4117190"]
[WhiteElo "2517"]
[BlackElo "2050"]
[Result "1/2-1/2"]
[Round "11"]
[TimeControl "180+2"]
[Date "2023.01.17"]
[WhiteClock "0:00:07"]
[BlackClock "0:00:07"]

1. d4 Nf6 2. c4 g6 3. Nc3 d5 4. cxd5 Nxd5 5. g3 Bg7 6. Bg2 Nb6 7. Nf3 O-O 8. O-O Nc6 9. d5 Na5 10. Qc2 e6 11. dxe6 Bxe6 12. Rd1 Qe7 13. Bg5 Qb4 14. Rac1 Nac4 15. b3 Na3 16. Qd3 h6 17. Bd2 Rfd8 18. Qe3 Qe7 19. Bh3 Re8 20. Bxe6 Qxe6 21. Qxe6 Rxe6 22. Be3 c6 23. Na4 Nxa4 24. bxa4 Bb2 25. Bc5 Rxe2 26. Nd4 Re5 27. Nb3 Rae8 28. Bxa3 Bxa3 29. Rc2 Bb4 30. Kg2 a5 31. Rd7 R8e7 32. Rd8+ Kg7 33. h4 Re2 34. Nd4 Rxc2 35. Nxc2 Bc5 36. Kf3 b6 37. Rd3 Re5 38. Rc3 Rf5+ 39. Ke4 Rxf2 40. Nd4 f5+ 41. Kd3 Bxd4 42. Kxd4 Rd2+ 43. Ke5 c5 44. Rb3 Rxa2 45. Rxb6 Rxa4 46. Rb7+ Kg8 47. Kf6 Rg4 48. Rb8+ Kh7 49. Rb7+ Kg8 50. Rb8+ Kh7 51. Rb7+ Kg8 1/2-1/2


[Site "https://www.chess.com"]

[Event "Titled Tuesday Blitz January 17 Early 2023"]
[White "Sihite, Chelsie Monica Ignesias"]
[Black "Starozhilov, Leonid"]
[WhiteFideId "7101198"]
[BlackFideId "14106752"]
[WhiteElo "2266"]
[BlackElo "2313"]
[Result "0-1"]
[Round "11"]
[TimeControl "180+2"]
[Date "2023.01.17"]
[WhiteClock "0:00:28"]
[BlackClock "0:00:13"]

1. e4 Nc6 2. Nc3 d6 3. Nf3 Nf6 4. h3 e5 5. d4 exd4 6. Nxd4 g6 7. Bb5 Bd7 8. O-O Bg7 9. Be3 O-O 10. Nxc6 bxc6 11. Bd3 Rb8 12. Rb1 c5 13. a3 Bc6 14. Qd2 Re8 15. f3 a5 16. Bc4 Nh5 17. Nd5 Bxd5 18. Qxd5 Qd7 19. c3 c6 20. Qd2 d5 21. Bxc5 Qc7 22. exd5 cxd5 23. Qxd5 Rbd8 24. Qg5 Re5 25. Qh4 Qxc5+ 26. Kh1 Bf6 27. Qg4 Rg5 28. Qe4 Ng3+ 29. Kh2 Nxe4 30. fxe4 Qxc4 31. Rxf6 Rxg2+ 32. Kxg2 Qxe4+ 33. Kg3 Qxb1 34. Rf2 Rd3+ 35. Kg2 Qd1 36. c4 Rd2 37. c5 Rxf2+ 38. Kxf2 Qc2+ 39. Ke3 Qxc5+ 40. Kd3 a4 41. Kd2 Qc4 42. Kd1 Qb3+ 43. Kc1 g5 44. Kb1 h5 45. Ka1 g4 46. hxg4 h4 47. Kb1 h3 48. Kc1 h2 49. Kd2 h1=Q 50. g5 Qg2+ 51. Ke1 Qe3+ 52. Kd1 Qeg1# 0-1


[Site "https://www.chess.com"]

[Event "Titled Tuesday Blitz January 17 Early 2023"]
[White "Agasarov, Benik"]
[Black "Mamedov, Edgar"]
[WhiteFideId "13314823"]
[BlackFideId "13739980"]
[WhiteElo "2235"]
[BlackElo "2193"]
[Result "1-0"]
[Round "11"]
[TimeControl "180+2"]
[Date "2023.01.17"]
[WhiteClock "0:00:15"]
[BlackClock "0:00:01"]

1. d4 d5 2. c4 c6 3. Nf3 Nf6 4. e3 e6 5. Nc3 Nbd7 6. Bd3 Bd6 7. O-O O-O 8. e4 dxc4 9. Bxc4 e5 10. Bg5 Qe7 11. d5 Nb6 12. Bb3 Bg4 13. h3 Bh5 14. a4 cxd5 15. Bxd5 h6 16. Bh4 g5 17. Bg3 Rad8 18. a5 Nbxd5 19. Nxd5 Nxd5 20. Qxd5 Bxf3 21. gxf3 Bc5 22. Qxe5 Qxe5 23. Bxe5 f5 24. Rac1 b6 25. axb6 axb6 26. b4 Bxb4 27. Rc6 Rde8 28. Rg6+ Kf7 29. Rf6+ Kg8 30. Rg6+ Kf7 31. Rg7+ Ke6 32. Bd4 Bc5 33. Bxc5 bxc5 34. Rc1 fxe4 35. fxe4 Kf6 36. Rh7 Kg6 37. Rb7 Rxe4 38. Rb6+ Rf6 39. Rxf6+ Kxf6 40. Rxc5 Rf4 41. Kg2 Rf5 42. Rc6+ Kg7 43. Kg3 h5 44. Rc7+ Kg6 45. Rc6+ Rf6 46. Rc8 Rf4 47. Rg8+ Kh6 48. f3 Ra4 49. Rh8+ Kg6 50. Rg8+ Kh6 51. Rb8 Ra2 52. Rb7 h4+ 53. Kg4 Ra4+ 54. Kf5 Rf4+ 55. Ke5 Rxf3 56. Rb8 Rxh3 57. Kf5 Rf3+ 58. Kg4 Rf4+ 59. Kh3 Rf6 60. Kg4 Rg6 61. Rh8+ Kg7 62. Ra8 Kf6 63. Ra6+ Kf7 64. Ra7+ Ke8 65. Ra8+ Kd7 66. Kf5 Rh6 67. Ra7+ Kc8 68. Kxg5 Rc6 69. Ra8+ Kb7 70. Ra3 1-0


[Site "https://www.chess.com"]

[Event "Titled Tuesday Blitz January 17 Early 2023"]
[White "Alex_Sahakyan2006"]
[Black "Jovic, Stanoje"]
[BlackFideId "905020"]
[WhiteElo "2675"]
[BlackElo "2075"]
[Result "1/2-1/2"]
[Round "11"]
[TimeControl "180+2"]
[Date "2023.01.17"]
[WhiteClock "0:00:08"]
[BlackClock "0:00:20"]

1. d4 Nf6 2. Nc3 d5 3. Bf4 e6 4. e3 Bd6 5. Nge2 O-O 6. f3 b6 7. g4 a5 8. h4 Ba6 9. h5 Bxe2 10. Nxe2 Nfd7 11. Qd3 Nc6 12. Bxd6 cxd6 13. c3 a4 14. Bg2 a3 15. b3 Qb8 16. f4 b5 17. O-O b4 18. Rac1 bxc3 19. Rxc3 Nb4 20. Qd2 Qb5 21. Rfc1 h6 22. Bf1 Qa5 23. Rc7 Nf6 24. g5 Ne4 25. Qe1 Nxa2 26. Qxa5 Rxa5 27. Ra1 Nb4 28. g6 fxg6 29. hxg6 Nd2 30. Nc1 e5 31. Bh3 exf4 32. Be6+ Kh8 33. exf4 Nf3+ 34. Kf2 Nxd4 35. Bf7 Ndc2 36. Rb1 a2 37. Nxa2 Rxa2 38. Kg3 Nd4 39. Rd1 Nf5+ 40. Kh3 Rb2 41. Rb7 Rxb3+ 42. Kh2 Rb2+ 43. Kh3 Ne3 44. Ra1 Nd3 45. Rxb2 Nxb2 46. Kg3 d4 47. Kf3 Nf5 48. Ke4 Ng3+ 49. Kxd4 Nh5 50. Kc3 Nxf4 51. Kxb2 Nd3+ 52. Kc3 Ne5 53. Ra7 h5 54. Kd4 h4 55. Kd5 h3 56. Ra3 Nxf7 57. gxf7 Rxf7 58. Rxh3+ Kg8 59. Kxd6 Rf1 60. Ke5 g6 61. Ke4 Kg7 62. Rf3 Rxf3 63. Kxf3 Kf6 64. Kg4 g5 65. Kg3 Kf5 66. Kf3 g4+ 67. Kg3 Kg5 68. Kg2 Kf4 69. Kf2 g3+ 70. Kg2 Kg4 71. Kg1 Kf3 72. Kf1 g2+ 73. Kg1 Kg3 1/2-1/2


[Site "https://www.chess.com"]

[Event "Titled Tuesday Blitz January 17 Early 2023"]
[White "Papasimakopoulos, Alexandros"]
[Black "Batsiashvili, Nino"]
[WhiteFideId "4244125"]
[BlackFideId "13602993"]
[WhiteElo "2401"]
[BlackElo "2467"]
[Result "1-0"]
[Round "11"]
[TimeControl "180+2"]
[Date "2023.01.17"]
[WhiteClock "0:01:09"]
[BlackClock "0:00:11"]

1. Nf3 Nf6 2. b3 d5 3. Bb2 c5 4. e3 Nc6 5. d4 e6 6. Nbd2 Be7 7. a3 O-O 8. Bd3 b6 9. O-O Bb7 10. Qe2 Rc8 11. Rac1 a5 12. c4 Re8 13. Rfd1 cxd4 14. exd4 Bf8 15. Nf1 g6 16. Ng3 Bg7 17. c5 bxc5 18. Rxc5 Ne7 19. Rdc1 Rxc5 20. dxc5 Bc6 21. b4 axb4 22. axb4 Nf5 23. Nxf5 exf5 24. Qf1 d4 25. Nxd4 Bxg2 26. Qxg2 Ng4 27. c6 Bxd4 28. Bxd4 Qxd4 29. c7 Qxd3 30. c8=Q Rxc8 31. Rxc8+ Kg7 32. h3 Qb1+ 33. Qf1 Qxb4 34. hxg4 Qxg4+ 35. Qg2 Qd1+ 36. Kh2 Qh5+ 37. Qh3 Qe2 38. Qc3+ Kh6 39. Qe3+ Qxe3 40. fxe3 1-0


[Site "https://www.chess.com"]

[Event "Titled Tuesday Blitz January 17 Early 2023"]
[White "Arabidze, Meri"]
[Black "Sargissyan, Sargis"]
[WhiteFideId "13604040"]
[BlackFideId "13303210"]
[WhiteElo "2441"]
[BlackElo "2234"]
[Result "0-1"]
[Round "11"]
[TimeControl "180+2"]
[Date "2023.01.17"]
[WhiteClock "0:01:11"]
[BlackClock "0:00:20"]

1. b3 Nf6 2. Bb2 c5 3. Nf3 Nc6 4. g3 d6 5. Bg2 e5 6. O-O g6 7. c4 Bg7 8. e3 O-O 9. d4 exd4 10. exd4 Bg4 11. d5 Nd4 12. Bxd4 cxd4 13. Nbd2 Qa5 14. h3 Bxf3 15. Nxf3 Nd7 16. Nxd4 Qb6 17. Nb5 a6 18. Na3 Bxa1 19. Qxa1 Rfe8 20. Nc2 Qa5 21. Ne3 Ne5 22. Kh2 Qd2 23. Kg1 h5 24. Rd1 Qe2 25. Qd4 Nf3+ 26. Bxf3 Qxf3 27. h4 Re4 28. Qd3 Rxe3 29. fxe3 Qxg3+ 30. Kf1 Re8 31. e4 Qf4+ 32. Kg2 Rxe4 33. Qf3 Qxh4 34. Rf1 Rg4+ 0-1


[Site "https://www.chess.com"]

[Event "Titled Tuesday Blitz January 17 Early 2023"]
[White "Volkov, Maksim"]
[Black "Bychkov, Vladimir"]
[WhiteFideId "54123070"]
[BlackFideId "24151513"]
[WhiteElo "2258"]
[BlackElo "2225"]
[Result "1-0"]
[Round "11"]
[TimeControl "180+2"]
[Date "2023.01.17"]
[WhiteClock "0:00:15"]
[BlackClock "0:00:28"]

1. d4 Nf6 2. c4 e6 3. g3 Bb4+ 4. Bd2 Qe7 5. Bg2 d5 6. Nf3 O-O 7. O-O a5 8. Qc2 c6 9. Bf4 Bd6 10. Bxd6 Qxd6 11. Nbd2 b5 12. e4 Qd8 13. exd5 exd5 14. cxb5 cxb5 15. Ne5 Ra6 16. Nb3 Be6 17. Nc5 Rb6 18. Rae1 Na6 19. Ncd3 Bf5 20. Qd2 Rd6 21. Nc5 h6 22. Nb7 Qb8 23. Nxd6 Qxd6 24. Qxa5 Rb8 25. Rc1 Nb4 26. a3 Nc2 27. Qc3 b4 28. axb4 Nxb4 29. Qc7 Qxc7 30. Rxc7 Nc2 31. Nxf7 Nxd4 32. Nd6 Bg6 33. Rc8+ Rxc8 34. Nxc8 Kf7 35. Re1 Nc2 36. Nd6+ Kf8 37. Rd1 Ke7 38. Nb5 Bf7 39. Nd4 Nxd4 40. Rxd4 Kd6 41. b4 Nd7 42. f4 Nb6 43. Kf2 Nc4 44. Bf1 Nb6 45. Ke3 Be6 46. Rd2 Kc6 47. Kd4 Kd6 48. Ra2 Bd7 49. Ra6 Kc6 50. b5+ Kb7 51. Kc5 Nc8 52. Bg2 Ne7 53. Rd6 Bg4 54. Bxd5+ Kc7 55. b6+ Kc8 56. b7+ Kc7 57. Rd8 1-0


[Site "https://www.chess.com"]

[Event "Titled Tuesday Blitz January 17 Early 2023"]
[White "Galchenko, Matvey"]
[Black "Belov, Alexei"]
[WhiteFideId "24175480"]
[BlackFideId "4128206"]
[WhiteElo "2438"]
[BlackElo "2421"]
[Result "1-0"]
[Round "11"]
[TimeControl "180+2"]
[Date "2023.01.17"]
[WhiteClock "0:00:26"]
[BlackClock "0:00:34"]

1. f4 Nf6 2. Nf3 d5 3. g3 g6 4. Bg2 Bg7 5. O-O O-O 6. d3 b6 7. Nc3 Bb7 8. e4 dxe4 9. Ng5 Nc6 10. dxe4 e5 11. h3 Qxd1 12. Nxd1 Rad8 13. fxe5 Nxe5 14. Nf2 h6 15. Nf3 Nxf3+ 16. Bxf3 Nd7 17. Re1 Ne5 18. Bg2 Nc4 19. c3 Rd7 20. Re2 Rfd8 21. h4 a5 22. Bf4 a4 23. Rae1 Ne5 24. Rc2 Kh7 25. b3 a3 26. Bc1 Nd3 27. Nxd3 Rxd3 28. Re3 Bxc3 29. Rxc3 Rxe3 30. Bxe3 Rd1+ 31. Kf2 Rb1 32. Bc1 Ra1 33. Rc2 b5 34. Bxa3 1-0


[Site "https://www.chess.com"]

[Event "Titled Tuesday Blitz January 17 Early 2023"]
[White "Krivonosov, Oleg"]
[Black "Hirneise, Jens"]
[WhiteFideId "11600349"]
[BlackFideId "24614734"]
[WhiteElo "2359"]
[BlackElo "2277"]
[Result "1/2-1/2"]
[Round "11"]
[TimeControl "180+2"]
[Date "2023.01.17"]
[WhiteClock "0:00:27"]
[BlackClock "0:01:21"]

1. Nf3 c5 2. c4 g6 3. d4 cxd4 4. Nxd4 Bg7 5. e4 Nc6 6. Be3 Qb6 7. Nb5 Qa5+ 8. N1c3 a6 9. Nd4 Nf6 10. Nb3 Qd8 11. f3 h5 12. Be2 h4 13. Qd2 d6 14. Nd5 Nxd5 15. cxd5 Nb8 16. Bd4 Bxd4 17. Qxd4 f6 18. O-O Nd7 19. f4 Qb6 20. Qxb6 Nxb6 21. Na5 Bd7 22. b3 Rb8 23. Rac1 Kd8 24. Rc3 Bb5 25. Bxb5 axb5 26. b4 Kd7 27. Rfc1 Rhc8 28. Kf2 Rxc3 29. Rxc3 f5 30. Kf3 Rf8 31. g3 hxg3 32. hxg3 g5 33. Rc1 gxf4 34. gxf4 fxe4+ 35. Kxe4 Ra8 36. Rc2 Nc4 37. Nxc4 bxc4 38. Rxc4 Rxa2 39. Rd4 Re2+ 40. Kf5 b5 41. Kg4 Rb2 42. Kf5 Re2 43. Kg4 Rb2 44. Kf3 Rb3+ 45. Ke4 Rb1 46. Kf3 Rb3+ 47. Ke4 Rb1 48. Kf3 Rb3+ 1/2-1/2


[Site "https://www.chess.com"]

[Event "Titled Tuesday Blitz January 17 Early 2023"]
[White "Aradhya, Garg"]
[Black "Garakov, Mikhael"]
[WhiteFideId "25006746"]
[BlackFideId "4169034"]
[WhiteElo "2284"]
[BlackElo "2447"]
[Result "0-1"]
[Round "11"]
[TimeControl "180+2"]
[Date "2023.01.17"]
[WhiteClock "0:01:44"]
[BlackClock "0:00:36"]

1. d4 c5 2. d5 g6 3. e4 Bg7 4. h4 h5 5. Nf3 d6 6. Bb5+ Nd7 7. a4 Nf6 8. Nbd2 O-O 9. Bd3 Ng4 10. Nc4 b6 11. Bg5 a6 12. c3 Rb8 13. Nxd6 f6 14. Nxc8 fxg5 15. Na7 Nde5 16. Nc6 Nxc6 17. dxc6 Qc7 18. Bc4+ Kh8 19. Qd7 Qf4 20. c7 Rbc8 21. Qe6 Ne5 22. Nxe5 Qxe4+ 23. Be2 Bxe5 24. Rd1 Bxc3+ 25. bxc3 Qxe6 26. hxg5 Rxc7 27. Kf1 Rd7 28. Re1 Qf5 29. f3 Qxg5 30. Bxa6 Rd2 31. Be2 e5 32. Kf2 e4 33. Rb1 e3+ 34. Kf1 Qg3 0-1


[Site "https://www.chess.com"]

[Event "Titled Tuesday Blitz January 17 Early 2023"]
[White "Le Ruyet, Leopold"]
[Black "Makhnev, Denis"]
[WhiteFideId "645923"]
[BlackFideId "13707647"]
[WhiteElo "2245"]
[BlackElo "2483"]
[Result "0-1"]
[Round "11"]
[TimeControl "180+2"]
[Date "2023.01.17"]
[WhiteClock "0:00:01"]
[BlackClock "0:00:03"]

1. e4 c6 2. d4 d5 3. f3 Nf6 4. e5 Nfd7 5. f4 c5 6. c3 Nc6 7. Nf3 cxd4 8. cxd4 Nb6 9. Nc3 Bg4 10. Be3 e6 11. h3 Bxf3 12. Qxf3 Bb4 13. Rc1 Rc8 14. Bd3 Na4 15. O-O Nxb2 16. Bb1 Nc4 17. f5 O-O 18. Ne2 Nxe3 19. Qxe3 Qh4 20. Rf4 Qh6 21. Rcf1 exf5 22. Bxf5 Rcd8 23. Qg3 g6 24. Bb1 Bd2 25. R4f3 Qg5 26. Qf2 Qe7 27. Ng3 Bh6 28. Nf5 gxf5 29. Rxf5 Bg7 30. Rh5 f5 31. exf6 Rxf6 32. Bxh7+ Kf8 33. Rf5 Rd6 34. Qg3 Nxd4 35. Rxf6+ Rxf6 36. Rxf6+ Qxf6 37. Bd3 Qe5 38. Qh4 Kg8 0-1


[Site "https://www.chess.com"]